 Dungeon Crawl Stone Soup version 0.23.1 (webtiles) character file.

Game seed: 12916305953924889257

1395 Peloso the Slasher (level 8, -6/68 HPs)
             Began as a Minotaur Fighter on Mar 14, 2019.
             Mangled by Duvessa
             ... wielding a +2 rapier of venom
              (11 damage)
             ... on level 5 of the Dungeon.
             The game lasted 00:08:19 (4233 turns).

Peloso the Slasher (Minotaur Fighter)               Turns: 4233, Time: 00:08:20

Health: -6/68      AC: 10    Str: 21    XL:     8   Next: 41%
Magic:  7/7        EV:  7    Int:  5    God:
Gold:   310        SH: 10    Dex: 12    Spells: 7/7 levels left

rFire    . . .     SeeInvis .   a - +0 long sword
rCold    . . .     Gourm    .   c - +0 shield
rNeg     . . .     Faith    .   x - +0 chain mail
rPois    .         Spirit   .   (helmet restricted)
rElec    .         Reflect  .   (no cloak)
rCorr    .         Harm     .   (no gloves)
MR       +....                  (no boots)
Stlth    ..........             (no amulet)
HPRegen  0.21/turn              w - ring of protection from magic
MPRegen  0.10/turn              q - ring of stealth

@: lethally poisoned (-6 -> -62)
A: retaliatory headbutt, horns 2
a: no special abilities


You were on level 5 of the Dungeon.
You were not hungry.

You visited 1 branch of the dungeon, and saw 5 of its levels.

You collected 310 gold pieces.

Inventory:

Hand Weapons
 a - a +0 long sword (weapon)
Armour
 b - a +0 scale mail
 c - a +0 shield (worn)
 x - a +0 chain mail (worn)
Jewellery
 p - an uncursed ring of magical power
 q - a ring of stealth (right hand)
 w - a ring of protection from magic (left hand)
Scrolls
 e - 2 scrolls of remove curse {unknown}
 i - 2 scrolls of noise {unknown}
 k - a scroll of magic mapping {unknown}
 m - 3 scrolls of teleportation {unknown}
 n - 3 scrolls of fear {unknown}
 r - 3 scrolls of fog {unknown}
 s - a scroll of enchant armour {unknown}
 t - a scroll of amnesia {unknown}
 y - a scroll of blinking {unknown}
 B - a scroll of enchant weapon {unknown}
Potions
 d - a potion of berserk rage
 g - 2 potions of heal wounds
 j - a potion of ambrosia
 l - 3 potions of curing
 o - a potion of flight
 u - a potion of magic
 v - 2 potions of lignification {unknown}
 z - a potion of brilliance {unknown}
 A - a potion of resistance {unknown}
Comestibles
 f - 10 rations
 h - 3 chunks of flesh


   Skills:
 + Level 5.1 Fighting
 + Level 7.8 Long Blades
 + Level 7.5 Armour
 + Level 3.1 Dodging
 + Level 0.5 Stealth
 + Level 6.2 Shields


You had 7 spell levels left.
You didn't know any spells.
Your spell library contained the following spells:

 Spells                   Type           Power        Failure   Level  Hunger
 Confusing Touch          Hex            #.....       100%        1    ##.....
 Magic Dart               Conj           #...         100%        1    ##.....
 Sandblast                Erth           #.....       100%        1    ##.....
 Blink                    Tloc           N/A          100%        2    ###....
 Call Imp                 Summ           #.......     100%        2    ###....
 Passwall                 Tmut/Erth      #.......     100%        2    ###....
 Slow                     Hex            #.......     100%        2    ###....
 Confuse                  Hex            #.......     100%        3    ####...
 Conjure Flame            Conj/Fire      #.......     100%        3    ####...
 Gell's Gravitas          Tloc           #.........   100%        3    ####...
 Mephitic Cloud           Conj/Pois/Air  #.......     100%        3    ####...
 Stone Arrow              Conj/Erth      #.....       100%        3    ####...
 Petrify                  Tmut/Erth      #.......     100%        4    #####..
 Lee's Rapid Deconstruct  Erth           #.........   100%        5    ######.
 Metabolic Englaciation   Hex/Ice        #.........   100%        5    ######.
 Yara's Violent Unravell  Hex/Tmut       #.........   100%        5    ######.


Dungeon Overview and Level Annotations

Branches:
Dungeon (5/15)
 Temple: D:4-7

Altars:
Makhleb

Annotations:
D:5 Duvessa


Innate Abilities, Weirdness & Mutations

You reflexively headbutt those who attack you in melee.
You have a pair of horns on your head.


Message History

Duvessa hits you with a +2 rapier of venom.
You are lethally poisoned!
You hit Duvessa but do no damage.
Duvessa is lightly wounded.
You feel very sick.
Duvessa hits you with a +2 rapier of venom!
* * * LOW HITPOINT WARNING * * *
You are more poisoned.
You hit Duvessa.
Duvessa is moderately wounded.
* * * LOW HITPOINT WARNING * * *
You feel very sick. Duvessa hits you but does no damage.
You are more poisoned.
You hit Duvessa but do no damage. Your headbutt misses Duvessa.
Duvessa is moderately wounded.
* * * LOW HITPOINT WARNING * * *
You feel very sick.
Duvessa hits you with a +2 rapier of venom!
You die...

..... #.#.## #
......###....##
+
..e..e'.e.....#
#
......###..(.##
..... #.#....#
.... #.#.###.#
... #...# .#
#+# ###e###.#
#.# ##@..# #.#
##.## #####.##
#.#
.......######
#>#
###..........
..# #.......##
#### #.##....##
#.##..<..#
#.##....##


You could see Duvessa (berserk).

Vanquished Creatures
  Prince Ribbit (D:5)
  Eustachio (D:5)
  2 ogres
  2 phantoms
  A centaur (D:5)
  Dowan (D:5)
  2 scorpions
  An orc wizard (D:3)
  2 orc priests (D:3)
  5 hounds
  3 worker ants
  Natasha (thrice) (D:4)
  5 adders
  3 oozes
  A worm (D:3)
  2 dart slugs
  4 leopard geckos
  7 orcs
  3 giant cockroaches
  8 goblins
  6 hobgoblins
  3 jackals (D:3)
  12 kobolds
  6 bats
  8 frilled lizards
  3 jackal skeletons
  A leopard gecko skeleton (D:4)
  13 rats
109 creatures vanquished.

Notes
Turn   | Place    | Note
-------+----------+-------------------------------------------
     0 | D:1      | Peloso the Minotaur Fighter began the quest for the Orb.
     0 | D:1      | Reached XP level 1. HP: 19/19 MP: 0/0
   199 | D:1      | Reached XP level 2. HP: 27/27 MP: 1/1
   731 | D:2      | Reached XP level 3. HP: 33/33 MP: 2/2
  1130 | D:3      | Reached XP level 4. HP: 38/40 MP: 3/3
  1664 | D:3      | Reached XP level 5. HP: 28/46 MP: 4/4
  2057 | D:4      | Reached skill level 1 in Dodging
  2225 | D:4      | Reached skill level 5 in Long Blades
  2225 | D:4      | Reached XP level 6. HP: 30/53 MP: 5/5
  2446 | D:4      | Reached skill level 5 in Armour
  2503 | D:4      | Found a burning altar of Makhleb.
  2730 | D:4      | Reached skill level 5 in Shields
  3053 | D:4      | Noticed Natasha
  3063 | D:4      | Killed Natasha
  3079 | D:4      | Noticed Natasha
  3085 | D:4      | Killed Natasha
  3085 | D:4      | Reached XP level 7. HP: 46/60 MP: 6/6
  3309 | D:4      | Noticed Natasha
  3318 | D:4      | Killed Natasha
  3510 | D:5      | Entered Level 5 of the Dungeon
  3510 | D:5      | Noticed Eustachio
  3510 | D:5      | Noticed Prince Ribbit
  3609 | D:5      | Killed Prince Ribbit
  3617 | D:5      | Killed Eustachio
  3655 | D:5      | Reached XP level 8. HP: 59/67 MP: 7/7
  3841 | D:5      | Reached skill level 5 in Fighting
  4215 | D:5      | Noticed Dowan
  4215 | D:5      | Noticed Duvessa
  4228 | D:5      | Killed Dowan
  4233 | D:5      | Mangled by Duvessa

Skill      XL: |  1  2  3  4  5  6  7  8 |
---------------+-------------------------+-----
Armour         | 4 5 6 7 |  7.5
Long Blades    | 3 4 5 6 7 |  7.8
Fighting       | 4 5 |  5.1
Shields        | 4 5 6 |  6.2
Dodging        | 1 2 3 |  3.1
Stealth        | |  0.5

Action                   |  1- 3 |  4- 6 |  7- 9 || total
-------------------------+-------+-------+-------++-------
Melee: Long sword        |   106 |   127 |    77 ||   310
       Headbutt          |    17 |    23 |    19 ||    59
  Use: Potion            |       |     1 |     1 ||     2
       Scroll            |       |       |     6 ||     6
  Eat: Chunk             |       |     6 |     5 ||    11
Armor: Scale mail        |    55 |    26 |       ||    81
       Chain mail        |       |    32 |    33 ||    65
Dodge: Dodged            |    28 |    31 |    16 ||    75
Block: Shield            |    62 |    57 |    39 ||   158
       Rpst.: Long sword |     7 |    11 |     3 ||    21
